 Dungeon Crawl Stone Soup version 0.23-a0-556-g351818a (webtiles) character file.

161 zishaf the Shield-Bearer (level 5, -3/42 HPs)
             Began as a Formicid Fighter on Dec 10, 2018.
             Slain by an ogre
             ... wielding a cursed -2 giant club
              (23 damage)
             ... on level 3 of the Dungeon.
             The game lasted 00:03:44 (2256 turns).

zishaf the Shield-Bearer (Formicid Fighter)         Turns: 2256, Time: 00:03:44

Health: -3/42      AC:  8    Str: 21    XL:     5   Next: 70%
Magic:  5/5        EV:  9    Int:  8    God:
Gold:   168        SH: 10    Dex: 10    Spells: 4/4 levels left

rFire    . . .     SeeInvis +   a - +0 trident
rCold    . . .     Gourm    .   c - +0 shield
rNeg     . . .     Faith    .   d - +3 ring mail
rPois    .         Spirit   .   (helmet unavailable)
rElec    .         Reflect  .   (no cloak)
rCorr    .         Harm     .   (no gloves)
MR       .....                  (no boots)
Stlth    ..........             (no amulet)
HPRegen  0.14/turn              (no ring)
MPRegen  0.09/turn              (no ring)

@: drained
A: permanent stasis, dig shafts and tunnels, four strong arms, antennae 3
a: Dig, Shaft Self


You were on level 3 of the Dungeon.
You were not hungry.

You visited 1 branch of the dungeon, and saw 3 of its levels.

You collected 168 gold pieces.

Inventory:

Hand Weapons
 a - a +0 trident (weapon)
Missiles
 h - 52 bolts
Armour
 b - a +0 scale mail
 c - a +0 shield (worn)
 d - a +3 ring mail (worn)
Jewellery
 l - a cursed amulet of the acrobat
Scrolls
 g - a scroll of teleportation {unknown}
 i - 2 scrolls of noise {unknown}
 k - a scroll of random uselessness {unknown}
 m - a scroll of identify {unknown}
 o - a scroll of amnesia {unknown}
 q - a scroll of magic mapping {unknown}
 r - a scroll of remove curse {unknown}
Potions
 e - 3 potions of agility {unknown}
 j - a potion of berserk rage {unknown}
 n - 2 potions of resistance {unknown}
 s - a potion of heal wounds {unknown}
Comestibles
 f - 2 rations
 p - 2 chunks of flesh


   Skills:
 + Level 4.1(3.7) Fighting
 + Level 2.9(2.6) Polearms
 + Level 4.1(3.7) Armour
 * Level 5.3(4.9) Shields


You had 4 spell levels left.
You didn't know any spells.
Your spell library was empty.

Dungeon Overview and Level Annotations

Branches:
Dungeon (3/15)

Altars:
Cheibriados
Dithmenos


Innate Abilities, Weirdness & Mutations

You cannot be hasted, slowed, berserked, paralysed or teleported.
You can dig through walls and to a lower floor.
Your four strong arms can wield two-handed weapons with a shield.
You have a pair of large antennae on your head. (SInv)


Message History

You block the orc's attack.
Attack whom?
Press: ? - help, Dir - move target cursor, f/p - ogre
Aim: an ogre, wielding a -2 giant club (severely wounded)
The orc is in the way.
You closely miss the orc.
The orc is moderately wounded.
You block the orc's attack.
Attack whom?
Press: ? - help, Dir - move target cursor, f/p - ogre
Aim: an ogre, wielding a -2 giant club (severely wounded)
The orc is in the way.
You hit the orc.
You kill the orc!
Attack whom?
Press: ? - help, Dir - move target cursor, f/p - ogre
Aim: an ogre, wielding a -2 giant club (severely wounded)
You hit the ogre.
The ogre is severely wounded.
The ogre hits you with a cursed -2 giant club!!
Ouch! That really hurt!
You die...

## #.# #.#
#.############
##.O@........#
#..#########.#
#.[.# #.#
......#
#)######
#...)..#
#.)....#
#....#.#
######.###
#......#
#.....
####.###
####..... #. {
#.......#


You could see an ogre.

Vanquished Creatures
  Jessica (D:2)
  Robin (D:2)
  3 adders
  2 oozes
  A worm (D:2)
  6 dart slugs
  3 orcs (D:3)
  9 bats
  5 giant cockroaches
  15 goblins
  3 hobgoblins
  4 jackals (D:1)
  2 quokkas (D:2)
  2 frilled lizards (D:1)
  4 kobolds
  8 rats
69 creatures vanquished.

Notes
Turn   | Place    | Note
-------+----------+-------------------------------------------
     0 | D:1      | zishaf the Formicid Fighter began the quest for the Orb.
     0 | D:1      | Reached XP level 1. HP: 18/18 MP: 1/1
    74 | D:1      | Reached XP level 2. HP: 23/24 MP: 2/2
   157 | D:1      | Reached skill level 4 in Shields
   261 | D:1      | Reached XP level 3. HP: 29/29 MP: 3/3
   829 | D:2      | Reached XP level 4. HP: 29/37 MP: 4/4
  1237 | D:2      | Noticed Jessica
  1248 | D:2      | Killed Jessica
  1313 | D:2      | Noticed Robin
  1327 | D:2      | Reached XP level 5. HP: 16/42 MP: 5/5
  1332 | D:2      | Reached skill level 5 in Shields
  1341 | D:2      | HP: 1/42 [Robin/goblin (2)]
  1347 | D:2      | Killed Robin
  1637 | D:2      | Found a shadowy altar of Dithmenos.
  1849 | D:2      | Found a faded altar of an unknown god.
  2156 | D:3      | Found a snail-covered altar of Cheibriados.
  2225 | D:3      | Noticed an ogre
  2256 | D:3      | Slain by an ogre

Vault maps used:
D:1:      dpeg_arrival_boxorama, minivault_25
D:2:      lemuel_upstairs_altar, nicolae_dithmenos_shadow_blocks,
          chequers_ecumenical_altar_grove, uniq_jessica, uniq_robin
D:3:      kennysheep_slug_shrine, lemuel_doored_altar

Skill      XL: |  1  2  3  4  5 |
---------------+----------------+-----
Shields        | 4 5 |  5.3
Fighting       | 4 |  4.1
Armour         | 4 |  4.1
Polearms       | |  2.9

Action                   |  1- 3 |  4- 6 || total
-------------------------+-------+-------++-------
Melee: Trident           |   132 |   154 ||   286
  Use: Potion            |       |     1 ||     1
  Eat: Chunk             |       |     5 ||     5
Armor: Scale mail        |    53 |    32 ||    85
       Ring mail         |       |    16 ||    16
Dodge: Dodged            |    40 |    43 ||    83
Block: Shield            |    50 |    88 ||   138

Table legend:
 A = Non-vault XP
 B = Vault XP
 C = Vault XP percentage of total XP
 D = Non-vault monster count
 E = Vault monster count
 F = Vault count percentage of total count
                 A         B        C        D         E       F
            +---------+---------+-------+---------+---------+-------
      Total |     155 |      76 |  32.9 |      56 |      13 |  18.8
            +---------+---------+-------+---------+---------+-------
        D:1 |      62 |       0 |   0.0 |      30 |       0 |   0.0
        D:2 |      55 |      72 |  56.7 |      17 |      12 |  41.4
        D:3 |      38 |       4 |   9.5 |       9 |       1 |  10.0
            +---------+---------+-------+---------+---------+-------
